 Dungeon Crawl Stone Soup version 0.31.0-32-g396128a36d (webtiles) character file.

Game seed: 6516058017494810029

35 tizbic2 the Chiller (level 3, 0/32 HPs)
             Began as a Troll Ice Elementalist on Apr 13, 2024.
             Was a Follower of Nemelex Xobeh.
             Slain by Terence
             ... wielding a +0 mace
              (8 damage)
             ... on level 2 of the Dungeon.
             The game lasted 00:04:00 (1043 turns).

tizbic2 the Chiller (Troll Ice Elementalist)        Turns: 1043, Time: 00:04:02

Health: 0/32       AC:  4    Str: 16    XL:     3   Next: 16%
Magic:  4/4        EV:  9    Int: 13    God:    Nemelex Xobeh [*.....]
Gold:   78         SH:  0    Dex: 10    Spells: 4/5 levels left

rFire   . . .        j - +0 quarterstaff
rCold   . . .        (shield currently unavailable)
rNeg    . . .        i - +0 robe
rPois   .            a - +0 hat
rElec   .            (no cloak)
rCorr   .            (gloves unavailable)
SInv    .            (boots unavailable)
Will    .....        (no amulet)
Stlth   +            (no ring)
HPRegen 1.05/turn    (no ring)
MPRegen 0.09/turn

%: no passive effects
@: no status effects
A: large, unfitting armour, claws 3, regeneration 1, shaggy fur 1, tough skin 1
a: Renounce Religion, Draw Escape, Draw Destruction, Draw Summoning


You were on level 2 of the Dungeon.
You worshipped Nemelex Xobeh.
Nemelex Xobeh was aware of your devotion.
You visited 1 branch of the dungeon, and saw 2 of its levels.

You collected 78 gold pieces.

Inventory:

Hand Weapons
 d - a +0 hand axe
 g - a +0 mace
 j - a +0 quarterstaff (weapon)
Missiles
 c - 2 poisoned darts
Armour
 a - a +0 hat (worn)
 i - a +0 robe (worn)
Magical Staves
 f - a staff of conjuration
 k - a staff of earth
Scrolls
 e - 4 scrolls of teleportation {unknown}
 h - a scroll of identify {unknown}
 l - a scroll of fog {unknown}
Potions
 b - a potion of magic
 m - a potion of enlightenment {unknown}


   Skills:
 + Level 0.8 Fighting
 + Level 0.3 Staves
 - Level 1.5 Dodging
 - Level 1.0 Stealth
 * Level 1.6 Spellcasting
 * Level 3.2 Ice Magic
 + Level 0.2 Invocations


You had 4 spell levels left.
You knew the following spells:

 Your Spells              Type           Power      Damage    Failure   Level
a - Freeze                Ice            36%        1d5       7%          1

Your spell library contained the following spells:

 Spells                   Type           Power      Damage    Failure   Level
 Frozen Ramparts          Ice            18%        1d3       21%         3
 Ozocubu's Armour         Ice            9%         N/A       21%         3
 Lesser Beckoning         Tloc           2%         N/A       36%         2
 Static Discharge         Conj/Air       2%         3-4/arc   36%         2
 Hailstorm                Conj/Ice       5%         3d5       38%         3
 Summon Ice Beast         Ice/Summ       5%         N/A       38%         3
 Gell's Gravitas          Tloc           1%         N/A       61%         3
 Teleport Other           Tloc           1%         N/A       61%         3
 Airstrike                Air            0%         2d(1-17)  95%         4
 Summon Lightning Spire   Summ/Air       1%         N/A       95%         4


Dungeon Overview and Level Annotations

Branches:
Dungeon (2/15)

Altars:
Nemelex Xobeh
Zin

Annotations:
D:2 Terence


Innate Abilities, Weirdness & Mutations

You are too large for most types of armour.
You have claws for hands.
Your natural rate of healing is unusually fast.
You are covered in fur. (AC +1)
You have tough skin. (AC +1)


Message History

The goblin shouts!
The goblin unwields a +0 dagger.
The goblin wields a +0 sling.
The goblin shoots a sling bullet.
The sling bullet closely misses you.
The goblin unwields a +0 sling.
The goblin wields a +0 dagger.
The goblin closely misses you.
You closely miss the goblin. The goblin hits you but does no damage.
You closely miss the goblin. The goblin closely misses you.
You closely miss the goblin. The goblin hits you with a +0 dagger.
You barely miss the goblin.
The goblin hits you with a +0 dagger. x2
You barely miss the goblin. The goblin misses you.
You closely miss the goblin. The goblin hits you but does no damage.
You hit the goblin.
You kill the goblin!
Things that are here:
a +0 dagger; a +0 sling; a goblin corpse
m - an inky potion Terence the Incautious comes into view.
He is wielding a +0 mace.
Terence shouts!
You hit Terence but do no damage. Terence hits you but does no damage.
You thump Terence!
Terence is moderately wounded.
Terence hits you with a +0 mace!
You closely miss Terence.
Terence is moderately wounded.
Terence barely misses you. Terence closely misses you.
You hit Terence but do no damage.
Terence is moderately wounded.
Terence hits you with a +0 mace.
You hit Terence.
Terence is heavily wounded.
Terence hits you with a +0 mace!
You hit Terence.
Terence is almost dead.
Terence says, "Don't bother to defend, it's pointless."
Terence hits you with a +0 mace!
* * * LOW HITPOINT WARNING * * *
Terence hits you with a +0 mace!
You die...
Terence says, "Time to find some more victims."
Your body disappears without a glow.

# ##)#.#.....#...
#.##...# #.#...##.
#...[.## ##..#....
####...###.#...###
##.#.#.###.##
#######.##.## #.#
.........######.#
#.#########.........
#....@@.....######.#
###########........#
##########


You could see Terence.

Vanquished Creatures
  A gnoll (D:1)
  A dart slug (D:2)
  2 ball pythons (D:2)
  2 bats
  2 endoplasms (D:1)
  3 hobgoblins
  A quokka (D:2)
  A frilled lizard (D:1)
  4 goblins
  5 kobolds
  A rat (D:2)
23 creatures vanquished.

Notes
Turn   | Place    | Note
-------+----------+-------------------------------------------
     0 | D:1      | tizbic2 the Troll Ice Elementalist began the quest for the
                  | Orb.
     0 | D:1      | Reached XP level 1. HP: 16/16 MP: 1/1
    37 | D:1      | Reached skill level 3 in Ice Magic
   202 | D:1      | Reached XP level 2. HP: 26/26 MP: 3/3
   431 | D:1      | Found a faded altar of an unknown god.
   439 | D:1      | Prayed at the altar of an unknown god.
   439 | D:1      | Became a worshipper of Nemelex Xobeh the Trickster
   439 | D:1      | Reached * piety under Nemelex Xobeh
   439 | D:1      | Received a gift from Nemelex Xobeh
   634 | D:2      | Reached XP level 3. HP: 32/32 MP: 4/4
   975 | D:2      | Found a glowing silver altar of Zin.
  1034 | D:2      | Noticed Terence
  1043 | D:2      | Slain by Terence

Illustrated notes

Levels and vault maps discovered:
D:1:      dpeg_arrival_short_road, layout_basic, ebering_ecumenical_altar_mist
D:2:      layout_loops_ring, basic_altar, uniq_terence

Skill      XL: |  1 |
---------------+----+-----
Ice Magic      | 3 |  3.2
Fighting       | |  0.8
Staves         | |  0.3
Dodging        | |  1.5
Stealth        | |  1.0
Spellcasting   | |  1.6
Invocations    | |  0.2

Action                     || total
---------------------------++-------
  Melee: Hand axe          ||    12
         Unarmed           ||    12
         Staff             ||    35
         Mace              ||    12
         Quarterstaff      ||    25
   Stab: Sleeping          ||     1
 Armour: Robe              ||    71
  Dodge: Dodged            ||    49
